 Dungeon Crawl Stone Soup version 0.24-a0-464-g6b2be6b8c7 (webtiles) character file.

Game seed: 1330389538016820862

204 DasRunzen the Skirmisher (level 5, -1/48 HPs)
             Began as a Minotaur Fighter on July 3, 2019.
             Slain by an ogre
             ... wielding a +0 giant club
              (11 damage)
             ... on level 3 of the Dungeon.
             The game lasted 00:03:36 (1651 turns).

DasRunzen the Skirmisher (Minotaur Fighter)         Turns: 1651, Time: 00:03:36

Health: -1/48      AC:  9    Str: 22    XL:     5   Next: 52%
Magic:  4/4        EV:  7    Int:  5    God:
Gold:   127        SH: 10    Dex:  9    Spells: 4/4 levels left

rFire    . . .     SeeInvis .   a - +0 war axe
rCold    . . .     Gourm    .   c - +1 shield
rNeg     . . .     Faith    .   b - +0 scale mail
rPois    .         Spirit   .   (helmet restricted)
rElec    .         Reflect  .   (no cloak)
rCorr    .         Harm     .   p - +1 pair of gloves
MR       .....                  (no boots)
Stlth    ..........             (no amulet)
HPRegen  0.16/turn              (no ring)
MPRegen  0.09/turn              (no ring)

@: no status effects
A: retaliatory headbutt, horns 2
a: no special abilities


You were on level 3 of the Dungeon.
You were hungry.

You visited 1 branch of the dungeon, and saw 3 of its levels.

You collected 127 gold pieces.

Inventory:

Hand Weapons
 a - a +0 war axe (weapon)
Armour
 b - a +0 scale mail (worn)
 c - a +1 shield (worn)
 p - a +1 pair of gloves (worn)
Wands
 s - a wand of polymorph (6)
Scrolls
 g - a scroll of identify
 j - a scroll of amnesia
 m - a scroll of random uselessness {unknown}
 q - a scroll of immolation {unknown}
 u - a scroll of remove curse {unknown}
Potions
 d - 3 potions of might
 e - 2 potions of haste
 h - 3 potions of heal wounds
 i - 2 potions of flight {unknown}
 k - a potion of brilliance {unknown}
 l - a potion of lignification {unknown}
 n - a potion of magic {unknown}
 o - a potion of agility {unknown}
 t - a potion of curing {unknown}
Comestibles
 f - 7 rations


   Skills:
 + Level 5.0 Fighting
 + Level 4.0 Axes
 + Level 4.9 Armour
 + Level 4.8 Shields


You had 4 spell levels left.
You didn't know any spells.
Your spell library was empty.

Dungeon Overview and Level Annotations

Branches:
Dungeon (3/15)

Altars:


Innate Abilities, Weirdness & Mutations

You reflexively headbutt those who attack you in melee.
You have a pair of horns on your head.


Message History

Your Fighting skill increases to level 5!
No target in view!
No target in view!
Found 24 bolts.
You are feeling hungry.
You see here a kobold corpse.
An ogre comes into view. It is wielding a +0 giant club.
The ogre hits you with a +0 giant club!
You slash the ogre!
The ogre is heavily wounded.
The ogre hits you with a +0 giant club!!
Ouch! That really hurt!
* * * LOW HITPOINT WARNING * * *
You are too injured to fight recklessly!
You are too injured to fight recklessly!
You are too injured to fight recklessly!
You completely miss the ogre. You headbutt the ogre.
The ogre is heavily wounded.
The ogre hits you with a +0 giant club!
You die...

###### #.....
##.....##
......O.##
♣.@.######
♣........#
......#####.#
..#.#### #.# #.#..
>.. #. #.# #.#..
... #. #.# ###
#.#.# #.# #.
######.####.##
#.#.# #.# #.
#.......†..#.#
#.#.# #.#
#.###.#####.###.##


You could see an ogre.

Vanquished Creatures
  Ijyb (D:3)
  Jessica (D:3)
  2 orc wizards
  3 adders
  An ooze (D:3)
  A worm (D:3)
  A dart slug (D:3)
  4 leopard geckos
  7 orcs
  A ball python (D:3)
  5 bats
  5 giant cockroaches
  7 goblins
  3 hobgoblins
  4 kobolds
  5 frilled lizards
  A jackal zombie (D:3)
  3 rats
55 creatures vanquished.

Notes
Turn   | Place    | Note
-------+----------+-------------------------------------------
     0 | D:1      | DasRunzen the Minotaur Fighter began the quest for the Orb.
     0 | D:1      | Reached XP level 1. HP: 19/19 MP: 0/0
   163 | D:1      | Reached XP level 2. HP: 27/27 MP: 1/1
   223 | D:1      | Reached skill level 4 in Fighting
   690 | D:2      | Reached XP level 3. HP: 30/33 MP: 2/2
   866 | D:2      | Reached XP level 4. HP: 41/41 MP: 3/3
   987 | D:2      | Found a faded altar of an unknown god.
  1155 | D:3      | Noticed Jessica
  1161 | D:3      | Killed Jessica
  1310 | D:3      | Noticed Ijyb
  1316 | D:3      | Reached XP level 5. HP: 28/47 MP: 4/4
  1324 | D:3      | Killed Ijyb
  1592 | D:3      | Reached skill level 5 in Fighting
  1646 | D:3      | Noticed an ogre
  1651 | D:3      | Slain by an ogre

Levels and vault maps discovered:
D:1:      dpeg_arrival_rhombus, layout_basic
D:2:      layout_rooms, chequers_ecumenical_altar_lobes
D:3:      layout_loops_ring, chequers_mini_garden, minmay_distorted,
          uniq_jessica, uniq_ijyb, uniq_crazy_yiuf_cottage

Skill      XL: |  1  2  3  4  5 |
---------------+----------------+-----
Fighting       | 4 5 |  5.0
Armour         | 4 |  4.9
Shields        | 4 |  4.8
Axes           | 3 4 |  4.0

Action                   |  1- 3 |  4- 6 || total
-------------------------+-------+-------++-------
Melee: War axe           |    41 |    71 ||   112
       Headbutt          |     9 |     9 ||    18
       Unarmed           |       |    12 ||    12
  Use: Scroll            |     7 |     2 ||     9
 Stab: Confused          |       |     1 ||     1
  Eat: Chunk             |       |     2 ||     2
Armor: Scale mail        |    23 |    32 ||    55
       Skin              |       |     1 ||     1
Dodge: Dodged            |    13 |    25 ||    38
Block: Shield            |    23 |    36 ||    59

Table legend:
 A = Non-vault XP
 B = Vault XP
 C = Vault XP percentage of total XP
 D = Non-vault monster count
 E = Vault monster count
 F = Vault count percentage of total count
                 A         B        C        D         E       F
            +---------+---------+-------+---------+---------+-------
      Total |     214 |      78 |  26.7 |      51 |       4 |   7.3
            +---------+---------+-------+---------+---------+-------
        D:1 |      32 |       0 |   0.0 |      17 |       0 |   0.0
        D:2 |      68 |       0 |   0.0 |      11 |       0 |   0.0
        D:3 |     114 |      78 |  40.6 |      23 |       4 |  14.8
            +---------+---------+-------+---------+---------+-------
